 Dungeon Crawl Stone Soup version 0.21-a0-372-gd0ff781 (webtiles) character file.

143000 Humpert the Warrior (level 16, -7/151 HPs)
             Began as a Grey Draconian Conjurer on Oct 16, 2017.
             Was a High Priest of Vehumet.
             Mangled by an entropy weaver (9 damage)
             ... summoned by the power of Zot
             ... on level 1 of the Spider Nest.
             The game lasted 03:37:12 (66899 turns).

Humpert the Warrior (Grey Draconian Conjurer)      Turns: 66899, Time: 03:37:13

Health: -7/151     AC: 21    Str: 10    XL:     16   Next: 81%
Magic:  1/33       EV: 13    Int: 22    God:    Vehumet [*****.]
Gold:   1254       SH: 11    Dex: 11    Spells: 9/42 levels left

rFire    + . .     SeeInvis .   W - staff of conjuration
rCold    + . .     Gourm    .   I - +3 buckler
rNeg     . . .     Faith    .   (armour unavailable)
rPois    +         Spirit   .   N - +1 hat
rElec    +         Reflect  +   Q - +0 cloak
rCorr    +         Harm     .   d - +1 pair of gloves of the Vestibule of Hell {MR+ Slay+2}
MR       ++...                  B - +1 pair of boots
Stlth    +.........             f - +4 amulet of reflection
HPRegen  0.35/turn              v - +5 ring of protection
MPRegen  0.23/turn              O - ring of resist corrosion

@: resistant, corroded, drained
A: walk through water, unfitting armour, dopey 1, unbreathing, cold-blooded, AC
+14
a: Renounce Religion


You were on level 1 of the Spider Nest.
You worshipped Vehumet.
Vehumet was extremely pleased with you.
You were not hungry.

You visited 6 branches of the dungeon, and saw 29 of its levels.

You collected 2142 gold pieces.
You spent 888 gold pieces at shops.

Inventory:

Armour
 d - the +1 pair of gloves of the Vestibule of Hell (worn) {MR+ Slay+2}
   (You bought it in a shop on level 2 of the Orcish Mines)

   It affects your accuracy and damage with ranged weapons and melee attacks
   (+2).
   It affects your resistance to hostile enchantments.
 B - a +1 pair of boots (worn)
 I - a +3 buckler (worn)
 N - a +1 hat (worn)
 Q - a +0 cloak (worn)
Magical Staves
 k - an uncursed staff of earth
 W - an uncursed staff of conjuration (weapon)
Jewellery
 e - a +2 ring of evasion
 f - a +4 amulet of reflection (around neck)
 o - a cursed amulet of inaccuracy {unknown}
 v - a +5 ring of protection (left hand)
 z - an uncursed ring of see invisible
 O - a ring of resist corrosion (right hand)
 R - an uncursed ring of positive energy
Wands
 h - a wand of iceblast (7/15)
 q - a wand of lightning (7/15)
 t - a wand of flame (21/48)
 T - a wand of lightning (0/15)
Scrolls
 g - 6 scrolls of identify
 i - 14 scrolls of remove curse
 l - a scroll of brand weapon
 m - 2 scrolls of enchant weapon
 s - 5 scrolls of recharging
 D - 6 scrolls of fog
 J - 4 scrolls of amnesia
 L - 7 scrolls of teleportation
 Y - a scroll of enchant armour
Potions
 c - 11 potions of curing
 p - 3 potions of agility
 r - a potion of flight
 u - 3 potions of haste
 w - 4 potions of brilliance
 F - 3 potions of cancellation
 G - a potion of berserk rage
Books
 a - a book of Conjurations

   Spells                             Type                      Level
   a - Magic Dart                     Conjuration                  1
   b - Searing Ray                    Conjuration                  2
   c - Dazzling Spray                 Conjuration/Hexes            3
   d - Fulminant Prism                Conjuration/Hexes            4
   e - Force Lance                    Conjuration/Translocation    4
   f - Iskenderun's Mystic Blast      Conjuration                  4
 j - a book of Callings

   Spells                             Type                      Level
   a - Summon Small Mammal            Summoning                    1
   b - Call Imp                       Summoning                    2
   c - Call Canine Familiar           Summoning                    3
   d - Summon Guardian Golem          Hexes/Summoning              3
   e - Summon Lightning Spire         Summoning/Air                4
   f - Summon Ice Beast               Ice/Summoning                4
 n - a Young Poisoner's Handbook

   Spells                             Type                      Level
   a - Sting                          Conjuration/Poison           1
   b - Poisonous Vapours              Poison/Air                   2
   c - Mephitic Cloud                 Conjuration/Poison/Air       3
   d - Olgreb's Toxic Radiance        Poison                       4
   e - Venom Bolt                     Conjuration/Poison           5
 U - a book of Flames

   Spells                             Type                      Level
   a - Flame Tongue                   Conjuration/Fire             1
   b - Throw Flame                    Conjuration/Fire             2
   c - Conjure Flame                  Conjuration/Fire             3
   d - Inner Flame                    Hexes/Fire                   3
   e - Sticky Flame                   Conjuration/Fire             4
   f - Fireball                       Conjuration/Fire             5
Miscellaneous
 H - 3 phantom mirrors
Comestibles
 b - a meat ration
 x - a bread ration


   Skills:
 + Level 15.8(14.5) Fighting
 - Level 4.6(3.6) Dodging
 - Level 1.7(0.8) Stealth
 - Level 4.0(2.9) Shields
 + Level 13.8(12.5) Spellcasting
 + Level 15.2(13.9) Conjurations
 + Level 7.8(6.6) Fire Magic
 + Level 9.1(8.0) Poison Magic
 - Level 10.2(9.0) Evocations


You had 9 spell levels left.
You knew the following spells:

 Your Spells              Type           Power        Failure   Level  Hunger
a - Magic Dart            Conj           ####         0%          1    None
b - Searing Ray           Conj           ######       1%          2    None
c - Iskenderun's Mystic   Conj           #######.     1%          4    None
d - Poison Arrow          Conj/Pois      #######...   2%          6    #####..
e - Fulminant Prism       Conj/Hex       ######....   1%          4    None
f - Venom Bolt            Conj/Pois      #######...   1%          5    ####...
h - Fireball              Conj/Fire      ######....   1%          5    ####...
i - Bolt of Fire          Conj/Fire      ######....   3%          6    #####..


Dungeon Overview and Level Annotations

Branches:
Dungeon (15/15)            Temple (1/1) D:6            Lair (6/6) D:11
  Swamp (4/4) Lair:3       Spider (1/4) Lair:4        Slime (0/5) Lair:6
    Orc (2/2) D:9             Elf (0/3) Orc:2        Vaults (0/5) D:14
 Depths (0/5) D:15

Altars:
Ashenzari
Cheibriados
Dithmenos
Elyvilon
Fedhas
Gozag
Hepliaklqana
Kikubaaqudgha
Makhleb
Nemelex Xobeh
Okawaru
Qazlal
Ru
Sif Muna
Trog
Uskayaw
Vehumet
Wu Jian
Xom
Yredelemnul
Zin
The Shining One
Beogh
Jiyva

Shops:
D:4 }   Orc:1 *   Orc:2 ([}(

Portals:
Trove: D:14 (give 13 scrolls of teleportation)

Annotations:
D:8 p0werm0de's ghost, novice FoCK
Swamp:4 tof's ghost, adept MiGl
Spider:1 1 transporter
Orc:2 Azrael


Innate Abilities, Weirdness & Mutations

You can walk through water.
Your dull iron-grey scales are very hard. (AC +14)
You cannot fit into any form of body armour.
You can survive without breathing.
You are cold-blooded and may be slowed by cold attacks.
You are dopey. (Int -2)


Message History

You don't have enough magic to cast that spell.
You are too injured to fight recklessly!
You closely miss the redback.
The redback is heavily wounded.
The redback bites you but does no damage.
The redback bites you!
* * * LOW HITPOINT WARNING * * *
You block the redback's attack. You block the entropy weaver's attack.
The entropy weaver hits you!
* * * LOW HITPOINT WARNING * * *
The entropy weaver hits you but does no damage.
The entropy weaver misses you.
You hit the redback but do no damage.
Your tail-slap misses the redback.
The redback is heavily wounded.
The redback closely misses you.
The redback bites you but does no damage.
The entropy weaver hits you.
* * * LOW HITPOINT WARNING * * *
The entropy weaver hits you!
You die...

###.# ### ## #. ## #. ## ###
##. ##@## #.. ##asss..# # #.#
####..#†###..#### #..
#.^..^#^^§.^^.#=^$###..
######^^.#†§.#.§^..#.?^###.#
##..###^..#.#.....^^+)^$###..
#..©###©(^.^.^#..^^.#.$©###©.
#...###^..#^#^....^^+)^$###..
###..###.^.#^^^#..^^.#.[.#####


You could see an entropy weaver, a tarantella and 2 redbacks.

Vanquished Creatures
  Jorgrun (Swamp:4)
  Gastronok (D:11)
  2 thorn hunters
  Kirke (D:12)
  An azure jelly (shapeshifter) (D:15)
  3 entropy weavers
  Nessos (Lair:4)
  Josephine (D:11)
  2 ogre magi
  A rakshasa (D:15)
  16 hydras
  A vault guard (D:14)
  Erica (D:8)
  7 two-headed ogres
  3 catoblepae
  A centaur warrior (D:15)
  A death knight (D:13)
  3 ghost crabs
  7 alligators
  4 death yaks (Lair:6)
  2 tengu warriors
  Urug (D:11)
  A deep troll shaman (Lair:6)
  A queen ant (Spider:1)
  An orc high priest (Orc:2)
  A fire crab (D:8)
  4 skeletal warriors
  9 swamp dragons
  2 unseen horrors
  3 shambling mangroves
  A spriggan druid (Swamp:4)
  A wolf spider zombie (D:13)
  A lindwurm (Lair:6)
  2 orc knights
  10 orb spiders (Spider:1)
  8 wolf spiders (Spider:1)
  A deep elf mage (D:13)
  A cyclops (D:14)
  5 ugly things
  4 manticores
  3 black mambas
  12 elephants
  4 centaur skeletons
  6 demonic crawlers
  12 spiny frogs
  An efreet (D:8)
  2 freezing wraiths (D:13)
  2 tengu conjurers
  7 komodo dragons
  A queen bee (shapeshifter) (D:13)
  A troll (shapeshifter) (D:15)
  4 trolls
  2 polar bears (Lair:6)
  10 hornets
  A polar bear (shapeshifter) (D:15)
  7 tyrant leeches
  14 blink frogs
  10 jumping spiders
  10 slime creatures
  4 bog bodies (Swamp:4)
  6 dream sheep
  11 hippogriffs
  2 centaur simulacra (D:14)
  30 redbacks
  Sigmund (D:2)
  4 shadows
  6 wraiths
  2 spriggans
  A spriggan (shapeshifter) (D:15)
  11 tarantellas
  3 fire elementals (Orc:2)
  2 wyverns
  17 yaks
  4 basilisks
  5 hogs
  A human (shapeshifter) (D:15)
  2 hungry ghosts
  Grum (D:10)
  14 vampire mosquitoes
  6 insubstantial wisps
  6 wargs
  28 swamp worms
  17 soldier ants
  3 acid dragons
  5 porcupines
  3 hell hounds
  13 ice beasts
  14 water moccasins
  6 black bears
  25 orc warriors
  An eye of draining (shapeshifter) (D:15)
  5 sky beasts
  11 swamp drakes
  An eye of draining (D:15)
  2 phantoms
  19 wolves
  13 ogres
  4 boggarts (D:15)
  4 centaurs
  14 crocodiles
  5 big kobolds
  Blork the orc (D:6)
  16 bullfrogs
  A wyvern zombie (D:13)
  A water moccasin zombie (D:11)
  A wyvern skeleton (D:14)
  5 scorpions
  10 killer bees
  10 wights (D:11)
  An electric eel (Lair:4)
  11 crimson imps
  A bullfrog zombie (D:11)
  3 centaur zombies
  6 hounds
  3 jellies
  3 gnoll shamans
  21 orc priests
  23 orc wizards
  6 bullfrog skeletons
  6 iguanas
  Terence (D:2)
  36 worker ants
  A hound zombie (D:10)
  2 hound skeletons
  Robin (D:2)
  A worker ant zombie (D:6)
  12 adders
  38 gnolls
  3 shadow imps
  2 white imps (D:14)
  4 oozes
  2 adder skeletons
  4 worms (D:2)
  2 dart slugs
  5 leopard geckos
  96 orcs
  5 ball pythons
  6 bats
  7 giant cockroaches
  13 goblins
  9 hobgoblins
  39 jackals
  19 kobolds
  6 quokkas
  4 frilled lizards
  2 quokka skeletons
  A quokka zombie (D:7)
  5 rats
  7 fulminant prisms
  A fungus (Lair:3)
1021 creatures vanquished.

Vanquished Creatures (others)
  A tarantella (Spider:1)
  A redback (Spider:1)
  A human (D:15)
  3 centaurs
  A bullfrog (D:12)
  A kobold (D:12)
  11 fulminant prisms
  29 fungi
  10 plants
58 creatures vanquished.

Grand Total: 1079 creatures vanquished

Notes
Turn   | Place    | Note
-------+----------+-------------------------------------------
     0 | D:1      | Humpert the Draconian Conjurer began the quest for the Orb.
     0 | D:1      | Reached XP level 1. HP: 14/14 MP: 3/3
   571 | D:1      | Reached XP level 2. HP: 20/22 MP: 0/5
  1010 | D:1      | Reached skill level 1 in Fighting
  1010 | D:1      | Reached XP level 3. HP: 18/28 MP: 0/6
  1407 | D:1      | Found a shimmering altar of Xom.
  1969 | D:2      | Noticed Robin
  2490 | D:1      | Reached XP level 4. HP: 32/35 MP: 2/7
  2755 | D:2      | Noticed Sigmund
  3452 | D:2      | Learned a level 2 spell: Searing Ray
  3739 | D:2      | Killed Sigmund
  3739 | D:2      | Reached skill level 5 in Conjurations
  3739 | D:2      | Reached XP level 5. HP: 44/44 MP: 0/9
  3915 | D:3      | Noticed Terence
  4185 | D:2      | Killed Terence
  4185 | D:2      | Reached XP level 6. HP: 36/50 MP: 0/10
  4349 | D:2      | Killed Robin
  4536 | D:3      | Found a glowing golden altar of the Shining One.
  5513 | D:3      | Found a sacrificial altar of Ru.
  6178 | D:3      | Your scales start taking on a dull iron-grey colour.
  6178 | D:3      | Reached XP level 7. HP: 52/57 MP: 5/12
  6178 | D:3      | Gained mutation: You can survive without breathing. [Grey Draconian growth]
  6411 | D:2      | Learned a level 4 spell: Iskenderun's Mystic Blast
  7961 | D:4      | Found Jaytoder's Gadget Emporium.
  8205 | D:5      | Entered Level 5 of the Dungeon
  8827 | D:5      | Reached XP level 8. HP: 67/67 MP: 10/14
  9304 | D:5      | Reached skill level 5 in Fighting
  9474 | D:5      | Found a basalt altar of Yredelemnul.
 10262 | D:6      | Reached skill level 1 in Shields
 10374 | D:6      | Reached skill level 5 in Spellcasting
 10402 | D:6      | Noticed Blork the orc
 10410 | D:6      | Killed Blork the orc
 10864 | D:6      | Found a staircase to the Ecumenical Temple.
 10871 | Temple   | Entered the Ecumenical Temple
 10989 | Temple   | Became a worshipper of Vehumet
 11130 | D:6      | Reached XP level 9. HP: 75/75 MP: 2/17
 11662 | D:7      | Found a stormy altar of Qazlal.
 12299 | D:7      | Found a burning altar of Makhleb.
 13383 | D:8      | Reached * piety under Vehumet
 13383 | D:8      | Offered knowledge of Freeze by Vehumet.
 13553 | D:8      | Noticed p0werm0de's ghost (novice FoCK)
 13633 | D:8      | Noticed a two-headed ogre
 13635 | D:8      | Noticed Erica
 14560 | D:8      | Killed Erica
 14881 | D:8      | Found a glowing silver altar of Zin.
 15452 | D:8      | Reached skill level 1 in Evocations
 15452 | D:8      | Reached XP level 10. HP: 88/88 MP: 14/20
 15793 | D:8      | Killed a two-headed ogre
 16123 | D:8      | Noticed a two-headed hydra
 16131 | D:8      | Killed a two-headed hydra
 16230 | D:8      | Noticed a fire crab
 16543 | D:8      | Learned a level 4 spell: Olgreb's Toxic Radiance
 16562 | D:8      | Noticed an ogre mage
 16575 | D:8      | Killed an ogre mage
 16733 | D:8      | Killed a fire crab
 16733 | D:8      | Reached XP level 11. HP: 60/97 MP: 13/23
 17165 | D:9      | Found an iron altar of Okawaru.
 17166 | D:9      | Found a hazy altar of Hepliaklqana.
 17166 | D:9      | Found a snail-covered altar of Cheibriados.
 17193 | D:9      | Offered knowledge of Flame Tongue by Vehumet.
 17253 | D:9      | Learned a level 4 spell: Fulminant Prism
 17458 | D:9      | Reached ** piety under Vehumet
 17624 | D:9      | Found a staircase to the Orcish Mines.
 17800 | D:9      | Found a sparkling altar of Nemelex Xobeh.
 17802 | D:9      | Found a shattered altar of Ashenzari.
 17807 | D:9      | Found a bloodstained altar of Trog.
 17808 | D:9      | Found a shadowy altar of Dithmenos.
 17926 | D:9      | Reached skill level 10 in Conjurations
 18359 | D:10     | Entered Level 10 of the Dungeon
 18538 | D:9      | Reached skill level 5 in Evocations
 18802 | D:10     | Offered knowledge of Throw Flame by Vehumet.
 19065 | D:10     | Noticed Grum
 19082 | D:10     | Killed Grum
 19189 | D:10     | Reached skill level 10 in Fighting
 19708 | D:11     | Reached *** piety under Vehumet
 20297 | D:11     | Killed an unseen horror
 20424 | D:11     | Offered knowledge of Ignite Poison by Vehumet.
 21341 | D:11     | Noticed Gastronok
 21350 | D:11     | Learned a level 5 spell: Venom Bolt
 21366 | D:11     | Killed Gastronok
 21366 | D:11     | Reached XP level 12. HP: 98/108 MP: 2/25
 21881 | D:11     | Reached **** piety under Vehumet
 21997 | D:11     | Noticed Urug
 22021 | D:11     | Killed Urug
 22233 | D:11     | Found a staircase to the Lair.
 22293 | Lair:1   | Entered Level 1 of the Lair of Beasts
 22357 | D:11     | Learned a level 3 spell: Ignite Poison
 22438 | D:11     | Offered knowledge of Throw Icicle by Vehumet.
 23516 | Lair:2   | Reached skill level 10 in Spellcasting
 23789 | Lair:2   | Noticed a six-headed hydra
 23937 | Lair:2   | Killed a six-headed hydra
 23976 | Lair:2   | Noticed a four-headed hydra
 24056 | Lair:2   | Killed a four-headed hydra
 24281 | Lair:2   | Reached ***** piety under Vehumet
 24991 | Lair:3   | Found a staircase to the Swamp.
 25025 | Lair:3   | Noticed a six-headed hydra
 25036 | Lair:3   | Killed a six-headed hydra
 25410 | Lair:3   | Offered knowledge of Fireball by Vehumet.
 26370 | Lair:3   | Reached XP level 13. HP: 113/118 MP: 23/27
 26855 | Lair:3   | Learned a level 5 spell: Fireball
 27759 | Lair:4   | Noticed Nessos
 27765 | Lair:4   | Killed Nessos
 28984 | Lair:4   | Found a hole to the Spider Nest.
 31343 | Lair:6   | Entered Level 6 of the Lair of Beasts
 31705 | Lair:6   | Found a frozen archway.
 33019 | Lair:6   | Found a viscous altar of Jiyva.
 33019 | Lair:6   | Found a staircase to the Slime Pits.
 33538 | Lair:6   | Reached skill level 10 in Evocations
 34821 | Lair:6   | Reached XP level 14. HP: 129/129 MP: 13/29
 35381 | Lair:6   | Found a staircase to the Slime Pits.
 35395 | Lair:6   | Found a viscous altar of Jiyva.
 35830 | Lair:6   | Found a staircase to the Slime Pits.
 35830 | Lair:6   | Found a viscous altar of Jiyva.
 36201 | Lair:6   | Reached skill level 1 in Poison Magic
 36379 | Lair:6   | Found the +10 Black Knight's horse barding {ponderous, rPois rN+}
 36618 | D:11     | Noticed Josephine
 36622 | D:11     | Killed Josephine
 36779 | Orc:1    | Entered Level 1 of the Orcish Mines
 37513 | Orc:1    | Found Xonaics Zaax's General Store.
 37523 | Orc:1    | Bought a book of Geomancy for 455 gold pieces
 37523 | Orc:1    | Bought a bread ration for 65 gold pieces
 37523 | Orc:1    | Bought a scroll of identify for 26 gold pieces
 37660 | Orc:2    | Entered Level 2 of the Orcish Mines
 38199 | Orc:2    | Noticed Azrael
 38417 | Orc:2    | Offered knowledge of Bolt of Fire by Vehumet.
 38425 | Orc:2    | Learned a level 6 spell: Bolt of Fire
 38620 | Orc:1    | Found a roughly hewn altar of Beogh.
 39448 | Orc:2    | Found a staircase to the Elven Halls.
 41096 | Orc:2    | Found a roughly hewn altar of Beogh.
 41125 | Orc:2    | Found Olod's Quality Used Wands.
 41169 | Orc:2    | Found a roughly hewn altar of Beogh.
 41463 | Orc:2    | Found a roughly hewn altar of Beogh.
 41463 | Orc:2    | Found Botif's Weapon Boutique.
 42133 | Orc:2    | Found Vuojy's Antique Weapon Emporium.
 42134 | Orc:2    | Found a roughly hewn altar of Beogh.
 42137 | Orc:2    | Found Pitwibes's Antique Armour Shoppe.
 42193 | Orc:2    | Bought a pair of heavily runed gloves for 342 gold pieces
 42257 | D:9      | Identified the +1 pair of gloves of the Vestibule of Hell {MR+ Slay+2} (You bought it in a shop on level 2 of the Orcish Mines)
 43480 | D:12     | Noticed Kirke
 43710 | D:12     | Killed Kirke
 46996 | D:14     | Reached skill level 1 in Fire Magic
 47588 | D:14     | Found a portal to a secret trove of treasure.
 47866 | D:14     | Noticed an angel
 47868 | D:14     | Found a glowing silver altar of Zin.
 48073 | D:14     | Found a gate to the Vaults.
 48132 | D:15     | Entered Level 15 of the Dungeon
 48280 | D:15     | Reached skill level 5 in Poison Magic
 48685 | D:14     | Found a portal to a secret trove of treasure.
 48708 | D:14     | Found a gate to the Vaults.
 48981 | D:14     | Found a glowing silver altar of Zin.
 49782 | D:15     | Reached XP level 15. HP: 123/138 MP: 8/31
 50414 | D:15     | Offered knowledge of Ozocubu's Refrigeration by Vehumet.
 52224 | D:15     | Noticed an azure jelly
 52226 | D:15     | Killed an azure jelly
 52761 | D:15     | Found a staircase to the Depths.
 53128 | Swamp:1  | Entered Level 1 of the Swamp
 53290 | Swamp:1  | Identified the Disquisition on the Freezing Volcanoes
 53571 | Swamp:1  | Noticed a thorn hunter
 53651 | Swamp:1  | Killed a thorn hunter
 54040 | Swamp:1  | Reached skill level 5 in Fire Magic
 56505 | Swamp:1  | Reached skill level 15 in Fighting
 57425 | Swamp:3  | Offered knowledge of Spellforged Servitor by Vehumet.
 58753 | Swamp:4  | Entered Level 4 of the Swamp
 58755 | Swamp:4  | Noticed tof's ghost (adept MiGl)
 59022 | Swamp:3  | Reached XP level 16. HP: 127/149 MP: 3/33
 59215 | Swamp:4  | Noticed Jorgrun
 59795 | Swamp:4  | Killed Jorgrun
 61104 | Swamp:4  | Noticed a thorn hunter
 61296 | Swamp:4  | Killed a thorn hunter
 61499 | Spider:1 | Entered Level 1 of the Spider Nest
 62282 | Spider:1 | Reached skill level 15 in Conjurations
 62374 | Spider:1 | Offered knowledge of Freezing Cloud by Vehumet.
 64713 | Spider:1 | Found a transporter.
 65285 | Spider:1 | Found a transporter.
 65546 | Lair:4   | Offered knowledge of Poison Arrow by Vehumet.
 65554 | Lair:4   | Learned a level 6 spell: Poison Arrow
 66882 | Spider:1 | Gained mutation: You are frail. (-10% HP) [the power of Zot]
 66882 | Spider:1 | Gained mutation: You are dopey. (Int -2) [the power of Zot]
 66883 | Spider:1 | Lost mutation: You are frail. (-10% HP) [the power of Zot]
 66898 | Spider:1 | HP: 3/151 [entropy weaver[the power of Zot] (14)]
 66899 | Spider:1 | Mangled by an entropy weaver

Vault maps used:
D:1:      minmay_arrival_widening_spiral_wide, xom_teletrap_fun
D:2:      uniq_robin, uniq_sigmund
D:3:      lemuel_castle_with_subvaults, lemuel_coloured_pillars_altar,
          tso_altar, first_bread, uniq_terence
D:4:      serial_shops, nicolae_shop_statue_plus, hangedman_decor_peaks_small,
          small_statue_intersection
D:5:      nicolae_overflow_crystal_walls, serial_aquarium,
          aquarium_bridge_square, aquarium_bridge_square, aquarium_window_fake,
          aquarium_window_1, aquarium_view_2b, aquarium_pool_double,
          serial_bayou_crossing
D:6:      minmay_temple_entry_enclosed_plants, columned_hall_lemuel,
          uniq_blork_the_orc
D:7:      lemuel_doored_altar, makhleb_heckhound_becter
D:8:      lemuel_round_altar, hangedman_ranch, minmay_evil_grid, uniq_erica
D:9:      grunt_temple_overflow_open, orc_0_dummy
D:10:     uniq_grum
D:11:     david_lair_shrubbed, uniq_gastronok, uniq_josephine, uniq_urug
D:12:     uniq_kirke
D:14:     david_vaults_5, nicolae_trove_entry_free_sample, serial_ice,
          serial_ice_d, serial_ice_e, serial_ice_l, serial_ice_o, zin_angel
D:15:     gammafunk_enter_depths_forms
Temple:   pf_slime_end_temple
Lair:2:   lemuel_fruit_tree
Lair:3:   swamp_mist_pool, serial_bayou_shore_a
Lair:4:   nicolae_spider_entry_tight_spaces, infiniplex_staircase_pool,
          uniq_nessos
Lair:5:   enter_volcano_3
Lair:6:   grunt_lair_end_beastmaster, slime_altar_1,
          portal_ice_cave_entry_ice_beasts, serial_bayou_shore_b
Swamp:1:  evilmike_swamp_ruin_house_2
Swamp:2:  evilmike_swamp_ruin_rubble_1
Swamp:3:  evilmike_swamp_ruin_house_6, swamp_pool1
Swamp:4:  swamp_old_school, water_boxes_lemuel, uniq_jorgrun
Spider:1: gammafunk_its_a_trap, minmay_another_anthill
Orc:1:    serial_shops, shop, basic_altar
Orc:2:    grunt_orc_community_town_hall, grunt_orc_community_big_house_1,
          grunt_orc_community_big_house_2, grunt_orc_community_house_2,
          grunt_orc_community_house_3, grunt_orc_community_house_3,
          grunt_orc_community_house_2, grunt_orc_community_house_3,
          nicolae_for_you_no_charge, uniq_azrael

Skill      XL: |  1  2  3  4  5  6  7  8  9 10 11 12 13 14 15 16 |
---------------+-------------------------------------------------+-----
Dodging        | 2 3 4 |  4.6
Fighting       | 1 2 3 4 6 7 9 10 12 13 14 15 | 15.8
Spellcasting   | 3 4 5 7 8 9 10 11 12 13 | 13.8
Conjurations   | 5 6 7 8 9 10 11 12 13 14 15 | 15.2
Shields        | 2 4 |  4.0
Evocations     | 1 4 6 8 10 | 10.2
Poison Magic   | 5 7 9 |  9.1
Fire Magic     | 2 6 7 |  7.8
Stealth        | |  1.7

Action                   |  1- 3 |  4- 6 |  7- 9 | 10-12 | 13-15 | 16-18 || total
-------------------------+-------+-------+-------+-------+-------+-------++-------
Melee: Unarmed           |    84 |       |       |       |       |       ||    84
       Tailslap          |     8 |     7 |       |     2 |    13 |     2 ||    32
       Dagger            |    32 |    57 |       |    18 |    43 |       ||   150
       Staff             |       |       |       |       |    19 |    34 ||    53
 Cast: Magic Dart        |    91 |   187 |   403 |   288 |   341 |    90 ||  1400
       Searing Ray       |       |    10 |    43 |   190 |   165 |    23 ||   431
       Venom Bolt        |       |       |       |    11 |   413 |    60 ||   484
       Iskenderun's Myst |       |       |       |    11 |    55 |   160 ||   226
       Fireball          |       |       |       |       |    18 |       ||    18
       Fulminant Prism   |       |       |       |       |    17 |     1 ||    18
       Olgreb's Toxic Ra |       |       |       |       |     2 |       ||     2
       Bolt of Fire      |       |       |       |       |   138 |    72 ||   210
Evoke: Wand              |       |       |       |       |     6 |     2 ||     8
  Use: Potion            |     1 |     2 |     1 |     8 |    11 |     4 ||    27
       Scroll            |       |     7 |    15 |     7 |    21 |     1 ||    51
  Eat: Chunk             |     5 |     8 |    25 |    14 |    72 |    18 ||   142
       Royal jelly       |     1 |     1 |     1 |     4 |    10 |     1 ||    18
       Fruit             |       |     1 |     1 |    18 |    16 |     1 ||    37
       Meat ration       |       |       |       |       |     9 |     2 ||    11
       Bread ration      |       |       |       |       |    11 |     3 ||    14
Armor: Skin              |    46 |    32 |    46 |   156 |   243 |   189 ||   712
Dodge: Dodged            |    96 |    88 |   116 |   314 |   403 |   176 ||  1193
Block: Buckler           |       |       |    49 |   230 |   422 |   195 ||   896
       Reflection        |       |       |     1 |     6 |    21 |       ||    28

Table legend:
 A = Spawn XP
 B = Non-spawn XP
 C = Spawn XP percentage of total XP
 D = Spawn monster count
 E = Non-spawn monster count
 F = Spawn count percentage of total count
 G = Total turns spent on level
                    A         B        C        D         E        F      G
               +---------+---------+-------+---------+---------+-------+---------
         Total |       0 |  204287 |   0.0 |       0 |    1016 |   0.0 | 66899
               +---------+---------+-------+---------+---------+-------+---------
           D:1 |       0 |      75 |   0.0 |       0 |      36 |   0.0 |  2575
           D:2 |       0 |     470 |   0.0 |       0 |      40 |   0.0 |  2380
           D:3 |       0 |     516 |   0.0 |       0 |      49 |   0.0 |  2411
           D:4 |       0 |     202 |   0.0 |       0 |      12 |   0.0 |   877
           D:5 |       0 |     438 |   0.0 |       0 |      26 |   0.0 |  1465
           D:6 |       0 |    1124 |   0.0 |       0 |      32 |   0.0 |  1772
           D:7 |       0 |    1294 |   0.0 |       0 |      25 |   0.0 |  2829
           D:8 |       0 |    7446 |   0.0 |       0 |      35 |   0.0 |  2593
           D:9 |       0 |    1949 |   0.0 |       0 |      26 |   0.0 |  1941
          D:10 |       0 |    3472 |   0.0 |       0 |      35 |   0.0 |  1472
          D:11 |       0 |   12112 |   0.0 |       0 |      62 |   0.0 |  2971
          D:12 |       0 |    4597 |   0.0 |       0 |      27 |   0.0 |  2353
          D:13 |       0 |    6268 |   0.0 |       0 |      27 |   0.0 |  1513
          D:14 |       0 |    9987 |   0.0 |       0 |      38 |   0.0 |  3154
          D:15 |       0 |   25767 |   0.0 |       0 |      63 |   0.0 |  3466
        Lair:1 |       0 |    1539 |   0.0 |       0 |      10 |   0.0 |  1329
        Lair:2 |       0 |    5011 |   0.0 |       0 |      18 |   0.0 |  1230
        Lair:3 |       0 |    6358 |   0.0 |       0 |      28 |   0.0 |  2683
        Lair:4 |       0 |   11449 |   0.0 |       0 |      36 |   0.0 |  4652
        Lair:5 |       0 |    4803 |   0.0 |       0 |      18 |   0.0 |  2120
        Lair:6 |       0 |   14519 |   0.0 |       0 |      42 |   0.0 |  4255
       Swamp:1 |       0 |   14724 |   0.0 |       0 |      36 |   0.0 |  2958
       Swamp:2 |       0 |    7564 |   0.0 |       0 |      25 |   0.0 |  1399
       Swamp:3 |       0 |    9246 |   0.0 |       0 |      23 |   0.0 |  3076
       Swamp:4 |       0 |   19562 |   0.0 |       0 |      33 |   0.0 |   661
      Spider:1 |       0 |   26942 |   0.0 |       0 |     103 |   0.0 |  3488
         Orc:1 |       0 |    2371 |   0.0 |       0 |      28 |   0.0 |  2359
         Orc:2 |       0 |    4482 |   0.0 |       0 |      83 |   0.0 |  2786
               +---------+---------+-------+---------+---------+-------+---------
